 Dungeon Crawl Stone Soup version 0.18.1-50-g88ac8fd (webtiles) character file.

4 Amnesiac the Shield-Bearer (level 1, -1/13 HPs)
             Began as a Deep Elf Fighter on Mar 2, 2018.
             Succumbed to an orc wizard's poison
             ... on level 3 of the Dungeon.
             The game lasted 00:01:18 (308 turns).

Amnesiac the Shield-Bearer (Deep Elf Fighter)        Turns: 308, Time: 00:01:19

Health: -1/13      AC:  6    Str: 10 (13) XL:     1   Next: 58%
Magic:  3/3        EV:  6    Int: 10 (12) God:
Gold:   27         SH:  7    Dex: 12 (14) Spells: 0 memorised, 0 levels left

rFire  . . .     SeeInvis .     a - +0 rapier
rCold  . . .     Gourm    .     b - +0 scale mail
rNeg   . . .     Faith    .     c - +0 shield
rPois  .         Spirit   .     (no helmet)
rElec  .         Dismiss  .     (no cloak)
rCorr  .         Reflect  .     (no gloves)
SustAt .         Harm     .     (no boots)
MR     .....                    i - amulet of rage
Stlth  ..........               (no ring)
                                (no ring)

@: lethally poisoned (-1 -> -13), exhausted, slowed, very slow, not resistant to
hostile enchantments, extremely unstealthy
A: no striking features
a: Evoke Berserk Rage


You were on level 3 of the Dungeon.
You were not hungry.

You visited 1 branch of the dungeon, and saw 3 of its levels.

You collected 27 gold pieces.

Inventory:

Hand Weapons
 a - a +0 rapier (weapon)
Missiles
 l - 2 stones (quivered)
Armour
 b - a +0 scale mail (worn)
 c - a +0 shield (worn)
Jewellery
 i - an amulet of rage (around neck)
Scrolls
 g - a scroll of remove curse {!r, unknown}
 h - a scroll of identify {!r, unknown}
 m - a scroll of amnesia {!r, unknown}
Potions
 d - a potion of might {!q}
 k - a potion of brilliance {!q, unknown}
Comestibles
 f - a bread ration


   Skills:
 - Level 2.4 Fighting
 - Level 2.0 Short Blades
 - Level 2.4 Armour
 + Level 1.4 Dodging
 - Level 2.4 Shields


You couldn't memorise any spells.
You didn't know any spells.

Dungeon Overview and Level Annotations

Branches:
Dungeon (3/15)

Altars:


Message History

You open the door.
There is an open door here.
HP restored.
A worm comes into view.
You see here 10 gold pieces.
A worm is nearby!
You now have 27 gold pieces (gained 10).
You hit the worm.
The worm is lightly wounded.
The worm bites you.
You hit the worm.
The worm is lightly wounded.
You hit the worm.
The worm is moderately wounded.
You block the worm's attack.
You hit the worm but do no damage.
The worm is lightly wounded.
The worm bites you.
You puncture the worm!
The worm is heavily wounded.
The worm bites you.
* * * LOW HITPOINT WARNING * * *
You are too injured to fight recklessly!
You hit the worm but do no damage.
The worm is heavily wounded.
You are too injured to fight recklessly!
You open the door.
Found a white potion.
There is an open door here.
You close the door.
A goblin comes into view. It is wielding a club.
You block the goblin's attack.
A red film seems to cover your vision as you go berserk!
You feel yourself moving faster!
You feel mighty!
You hit the goblin.
You kill the goblin!
You see here a club.
You feel a strong urge to attack something.
An orc wizard comes into view. It is wielding a dagger of venom.
The orc wizard shouts!
You feel your anger subside.
You are no longer berserk.
You pass out from exhaustion.
You feel yourself slow down.
The orc wizard gestures at you while chanting.
The magic dart hits you!
* * * LOW HITPOINT WARNING * * *
An orc wizard comes into view. It is wielding a dagger.
The orc wizard shouts!
You can move again.
Read which item? (? for menu, Esc to quit)
Really read
e - a scroll labeled KAELAY QETHROGH {!r}?
As you read the scroll labeled KAELAY QETHROGH {!r}, it crumbles to dust.
You feel strangely unstable.
It was a scroll of teleportation {!r}.
The orc wizard hits you with a dagger of venom.
* * * LOW HITPOINT WARNING * * *
You are lethally poisoned!
Drink which item? (? for menu, Esc to quit)
Really quaff
j - a dark potion {!q}?
It was a potion of degeneration {!q}.
There was something very wrong with that liquid.
You feel weakened.
You feel dopey.
You feel clumsy.
Your surroundings suddenly seem different.
You die...

.....##
.......##
.........
........#
........#
......#+#####
#.........# .
#..@......# .
#.........# .
#..........# .
............# .
?.............#
.
............g.#
.
..............#
.
..............#
#


You could see a hobgoblin (sleeping).

Vanquished Creatures
  A bat (D:1)
  A goblin (D:3)
  A quokka (D:3)
  A kobold (D:3)
4 creatures vanquished.

Notes
Turn   | Place    | Note
--------------------------------------------------------------
     0 | D:1      | Amnesiac the Deep Elf Fighter began the quest for the Orb.
     0 | D:1      | Reached XP level 1. HP: 13/13 MP: 3/3
   196 | D:3      | Reached skill level 1 in Dodging
   299 | D:3      | Noticed an orc wizard
   306 | D:3      | Noticed an orc wizard
   308 | D:3      | Succumbed to an orc wizard's poison

Skill      XL: |  1 |
---------------+----+-----
Dodging        | 1 |  1.4
Fighting       | |  2.4
Short Blades   | |  2.0
Armour         | |  2.4
Shields        | |  2.4

Action                   || total
-------------------------++-------
Melee: Rapier            ||    14
 Abil: Evoke Berserk Rag ||     3
  Use: Scroll            ||     1
       Potion            ||     1
Armor: Scale mail        ||     6
Dodge: Dodged            ||     7
Block: Shield            ||     9
